cohdb
Replays
Latest Replays
All Replays
Popular Replays
Top Player Replays
Match Explorer
How It Works
Community
CoH3 Stats
Reddit
Sign in to upload your games and track your stats! →
Sign in with Steam
Match 24447243
Unlisted
Match 24447243
Overview
Messages
Build Orders
End
Construct Section Command Post
Dingo Light Scout Car
Dingo Light Scout Car
Infantry Section
Infantry Section
Infantry Section
Vickers Machine Gun Team
Construct Platoon Command Post
Construct Company Command Post
Unlock M3 Grant Medium Tanks
6-pounder Anti-tank Gun Team
M3 Grant Medium Tank
Vickers Machine Gun Team
Selects Air and Sea Battlegroup
Selects Commando Section Paradrop
Selects M1 Pack Howitzer Paradrop
M1 Pack Howitzer Paradrop
Grenade Package
M1 Pack Howitzer Paradrop
M3 Grant Medium Tank
Selects Anti-tank Rocket Loiter
Anti-tank Rocket Loiter
Selects Supply Surplus
Commando Section Paradrop
Anti-tank Rocket Loiter
TavernelloIndustries®
Jex
RedSavage
A Sad Kitty
Shoyo
Gubbagegg
iceman
Maschinengewehr42
0
0
Comments
sign in to comment!
No comments posted yet!